 Dungeon Crawl Stone Soup version 0.20.1-1-g8b1a95d (webtiles) character file.

64 Reeggar the Charmwright (level 3, 0/29 HPs)
             Began as a Demigod Skald on Oct 1, 2017.
             Succumbed to an adder's poison
             ... on level 2 of the Dungeon.
             The game lasted 00:07:51 (1820 turns).

Reeggar the Charmwright (Demigod Skald)             Turns: 1820, Time: 00:07:51

Health: 0/29       AC:  3    Str: 16    XL:     3   Next: 64%
Magic:  3/8        EV: 12    Int: 17    God:
Gold:   42         SH:  0    Dex: 15    Spells: 2/5 levels left

rFire    . . .     SeeInvis .   a - +0 spear
rCold    . . .     Gourm    .   (no shield)
rNeg     . . .     Faith    .   b - +0 leather armour
rPois    .         Spirit   .   (no helmet)
rElec    .         Reflect  .   (no cloak)
rCorr    .         Harm     .   (no gloves)
MR       .....                  (no boots)
Stlth    +.........             (no amulet)
Regen    0.1/turn               (no ring)
MPRegen  0.2/turn               (no ring)

@: lethally poisoned (0 -> -6), shrouded (expiring), infused
A: high mp 1
a: no special abilities


You were on level 2 of the Dungeon.
You were full.

You visited 1 branch of the dungeon, and saw 2 of its levels.

You collected 42 gold pieces.

Inventory:

Hand Weapons
 a - a +0 spear (weapon)
Armour
 b - a +0 leather armour (worn)
Scrolls
 e - a scroll of identify
 g - 2 scrolls of teleportation {unknown}
 h - a scroll of magic mapping {unknown}
 m - a scroll of amnesia {unknown}
Potions
 k - a potion of flight
Books
 c - a book of Battle

   Spells                             Type                      Level
   a - Infusion                       Charms                       1
   b - Shroud of Golubria             Charms/Translocation         2
   c - Song of Slaying                Charms                       2
   d - Spectral Weapon                Hexes/Charms                 3
   e - Regeneration                   Charms/Necromancy            3
Comestibles
 d - 2 bread rations
 f - a royal jelly


   Skills:
 + Level 2.2 Fighting
 + Level 2.3 Polearms
 + Level 1.2 Armour
 + Level 2.4 Dodging
 + Level 1.9 Spellcasting
 + Level 3.1 Charms


You had 2 spell levels left.
You knew the following spells:

 Your Spells              Type           Power        Failure   Level  Hunger
a - Infusion              Chrm           ##..         7%          1    #......
b - Shroud of Golubria    Chrm/Tloc      #.........   19%         2    ###....


Dungeon Overview and Level Annotations

Branches:
Dungeon (2/15)


Innate Abilities, Weirdness & Mutations

You have an increased reservoir of magic. (+10% MP)


Message History

The adder is almost dead.
* * * LOW HITPOINT WARNING * * *
You feel sick. The adder barely misses you. The adder closely misses you.
The goblin hits you but does no damage.
You hit the adder!
You kill the adder!
* * * LOW HITPOINT WARNING * * *
You feel sick. The goblin hits you.
* * * LOW HITPOINT WARNING * * *
You hit the goblin!
You kill the goblin!
There is a lethal amount of poison in your body!
There is a lethal amount of poison in your body!
Okay, then.
There is a lethal amount of poison in your body!
You eat one of the 3 bread rations.
That bread ration really hit the spot!
* * * LOW HITPOINT WARNING * * *
You feel sick.
Your shroud begins to fray at the edges.
You die...

.... ... ..#
##.. #..##
#...# ..
#.#####...#....
#..............
#####.#@##..###
#.#........
#.######### #.#
# #.#### #
#....# # ####.#
# #.# .# # #.#
##.## #


There were no monsters in sight!

Vanquished Creatures
  3 adders (D:2)
  A worm (D:2)
  4 dart slugs
  A leopard gecko (D:1)
  6 goblins
  A hobgoblin (D:1)
  2 jackals (D:1)
  5 bats
  3 kobolds
  2 rats (D:1)
28 creatures vanquished.

Notes
Turn   | Place    | Note
-------+----------+-------------------------------------------
     0 | D:1      | Reeggar the Demigod Skald began the quest for the Orb.
     0 | D:1      | Reached XP level 1. HP: 17/17 MP: 5/5
   389 | D:1      | Reached skill level 1 in Armour
   572 | D:1      | Reached XP level 2. HP: 20/24 MP: 1/7
   915 | D:1      | Reached skill level 3 in Charms
  1292 | D:2      | Learned a level 2 spell: Shroud of Golubria
  1423 | D:2      | Reached XP level 3. HP: 24/29 MP: 8/8
  1452 | D:2      | Noticed a dagger
  1452 | D:2      | Found a hide-covered altar of Uskayaw.
  1452 | D:2      | Noticed a hand axe
  1819 | D:2      | HP: 1/29 [poisoned by an adder]
  1820 | D:2      | Succumbed to an adder's poison

Skill      XL: |  1  2 |
---------------+-------+-----
Armour         | 1 |  1.2
Fighting       | 2 |  2.2
Dodging        | 2 |  2.4
Charms         | 3 |  3.1
Polearms       | 2 |  2.3
Spellcasting   | |  1.9

Action                   || total
-------------------------++-------
Melee: Spear             ||   122
 Cast: Infusion          ||     9
       Shroud of Golubri ||     2
  Use: Scroll            ||     3
       Potion            ||     2
  Eat: Chunk             ||     3
       Bread ration      ||     1
Armor: Leather armour    ||    55
       Skin              ||     5
Dodge: Dodged            ||   102
